 Dungeon Crawl Stone Soup version 0.27.1-35-g4d5d836560 (webtiles) character file.

Game seed: 10182444493151503118

70 croobank the Covert (level 4, -3/41 HPs)
             Began as a Gnoll Delver on June 7, 2022.
             Slain by Grinder (4 damage)
             ... on level 3 of the Dungeon.
             The game lasted 00:09:27 (2530 turns).

croobank the Covert (Gnoll Delver)                  Turns: 2530, Time: 00:09:27

Health: -3/41      AC:  8    Str: 10 (11) XL:     4   Next: 22%
Magic:  5/5        EV: 11    Int:  7 (10) God:
Gold:   136        SH:  0    Dex: 13 (14) Spells: 5/5 levels left

rFire    . . .     SeeInvis .   w - +2 dagger (venom)
rCold    . . .     Faith    .   (no shield)
rNeg     . . .     Spirit   .   r - +0 ring mail
rPois    .         Reflect  .   (no helmet)
rElec    .         Harm     .   (no cloak)
rCorr    .         Rampage  .   i - +2 pair of gloves
Will     .....                  (no boots)
Stlth    ++++......             (no amulet)
HPRegen  0.13/turn              (no ring)
MPRegen  0.09/turn              (no ring)

@: about to teleport
A: fangs 1, strong nose, distributed training
a: no special abilities


You were on level 3 of the Dungeon.
You visited 1 branch of the dungeon, and saw 5 of its levels.

You collected 136 gold pieces.

Inventory:

Hand Weapons
 a - a +0 hand axe
 j - a +2 short sword of speed
 l - a +0 dagger of electrocution
 n - a +0 falchion
 q - a +0 hunting sling
 w - a +2 dagger of venom (weapon)
Missiles
 m - 22 stones (quivered)
 o - 52 sling bullets
 x - 4 poisoned darts
Armour
 b - a +0 leather armour
 i - a +2 pair of gloves (worn)
 r - a +0 ring mail (worn)
 z - a +0 chain mail
Wands
 g - a wand of digging (3)
Scrolls
 c - a scroll of fog
 e - a scroll of fear
 k - a scroll of magic mapping
 y - a scroll of noise {unknown}
 B - a scroll of enchant armour {unknown}
Potions
 d - a potion of flight
 f - a potion of haste
 p - a potion of might
 s - a potion of cancellation {unknown}
 u - a potion of attraction {unknown}
 v - 2 potions of curing {unknown}
 A - a potion of berserk rage {unknown}


   Skills:
 + Level 6.6 Fighting
 + Level 1.0 Short Blades
 + Level 1.0 Long Blades
 + Level 4.6 Axes
 + Level 1.0 Maces & Flails
 + Level 1.0 Polearms
 + Level 1.0 Staves
 + Level 1.0 Slings
 + Level 1.0 Bows
 + Level 1.0 Crossbows
 + Level 1.0 Throwing
 + Level 1.0 Armour
 + Level 4.6 Dodging
 + Level 9.6 Stealth
 + Level 1.0 Shields
 + Level 1.0 Unarmed Combat
 + Level 1.0 Spellcasting
 + Level 0.8 Conjurations
 + Level 0.8 Hexes
 + Level 0.8 Summonings
 + Level 0.8 Necromancy
 + Level 0.8 Translocations
 + Level 0.8 Transmutations
 + Level 0.8 Fire Magic
 + Level 0.8 Ice Magic
 + Level 0.8 Air Magic
 + Level 0.8 Earth Magic
 + Level 0.8 Poison Magic
 + Level 1.1 Invocations
 + Level 1.0 Evocations


You had 5 spell levels left.
You didn't know any spells.
Your spell library contained the following spells:

 Spells                   Type           Power      Damage    Failure   Level
 Conjure Flame            Conj/Fire      1%         6-21      92%         3
 Ignite Poison            Fire/Tmut/Pois 1%         N/A       92%         3
 Animate Dead             Necr           0%         N/A       100%        4
 Sticky Flame             Conj/Fire      1%         2d3       100%        4
 Borgnjor's Vile Clutch   Necr/Erth      0%         N/A       100%        5
 Iskenderun's Battlesphe  Conj           1%         2d6       100%        5
 Death Channel            Necr           0%         N/A       100%        6
 Iron Shot                Conj/Erth      0%         9d1       100%        6
 Spellforged Servitor     Conj/Summ      0%         N/A       100%        7


Dungeon Overview and Level Annotations

Branches:
Dungeon (5/15)
 Temple: D:4-7

Altars:
Hepliaklqana

Annotations:
D:3 Grinder
D:5 Blork the orc


Innate Abilities, Weirdness & Mutations

You have very sharp teeth.
Your uncanny sense of smell can sniff out nearby items.
Your experience applies equally to all skills.


Message History

You kill the ball python!
You hit Grinder.
Grinder is lightly wounded.
Grinder gestures at you. Pain shoots through your body!
You hit Grinder.
Grinder is lightly wounded.
Grinder hits you.
You writhe in agony.
You hit Grinder.
Grinder is poisoned.
Your bite misses Grinder.
Grinder is moderately wounded.
Grinder gestures at you.
You suddenly lose the ability to move!
Grinder gestures at you.
You shrug off the repeated paralysis!
Grinder gestures at you. You resist with significant effort.
Grinder hits you but does no damage. Grinder gestures at you.
You shrug off the repeated paralysis!
Grinder hits you.
You writhe in agony.
* * * LOW HITPOINT WARNING * * *
Grinder hits you!
* * * LOW HITPOINT WARNING * * *
Grinder gestures at you. You resist with significant effort.
You can move again.
Okay, then.
You can't see any enemies this would affect, really read the scroll of fear?
Okay, then.
Okay, then.
As you read the scroll of teleportation, it crumbles to dust.
You feel strangely unstable. Grinder gestures at you.
Pain shoots through your body!
* * * LOW HITPOINT WARNING * * *
It was a potion of degeneration.
There was something very wrong with that liquid.
You feel weakened.
You feel dopey.
You feel clumsy. Grinder hits you.
You die...

†...###
#..#..#.#.# #
.......#
#..#.##.#.#
####...#
#..####.#.#
...+...+ ...#
#.#.#
####...# ##.#
#.#.#
..##...# #.#
#.#.# ∆
....##..
#.####.#.#
..... ...
#..†.....###
..#.
####@.......#
###
#5....(.##
#......## .
.......# ##
#.......#
#.......+
#.......# ∆
#.......#


You could see Grinder (poisoned).

Vanquished Creatures
  2 worms (D:2)
  A dart slug (D:2)
  6 orcs (D:3)
  6 endoplasms
  3 giant cockroaches
  2 goblins (D:2)
  5 hobgoblins
  6 kobolds
  3 quokkas
  2 ball pythons
  5 bats
  3 frilled lizards (D:1)
  6 rats
50 creatures vanquished.

Notes
Turn   | Place    | Note
-------+----------+-------------------------------------------
     0 | D:5      | Reached skill level 9 in Stealth
     0 | D:5      | croobank the Gnoll Delver began the quest for the Orb.
     0 | D:5      | Reached XP level 1. HP: 23/23 MP: 1/1
    17 | D:5      | Noticed Blork the orc
    21 | D:4      | Noticed a phantom
   201 | D:3      | Reached XP level 2. HP: 13/29 MP: 2/2
   519 | D:1      | Reached XP level 3. HP: 25/35 MP: 3/3
   743 | D:1      | Found a faded altar of an unknown god.
   963 | D:1      | Reached skill level 1 in Invocations
  1604 | D:2      | Reached skill level 1 in Short Blades
  1604 | D:2      | Reached skill level 1 in Long Blades
  1604 | D:2      | Reached skill level 1 in Maces & Flails
  1604 | D:2      | Reached skill level 1 in Polearms
  1604 | D:2      | Reached skill level 1 in Staves
  1604 | D:2      | Reached skill level 1 in Slings
  1604 | D:2      | Reached skill level 1 in Bows
  1604 | D:2      | Reached skill level 1 in Crossbows
  1604 | D:2      | Reached skill level 1 in Throwing
  1604 | D:2      | Reached skill level 1 in Armour
  1604 | D:2      | Reached skill level 1 in Shields
  1604 | D:2      | Reached skill level 1 in Unarmed Combat
  1604 | D:2      | Reached skill level 1 in Spellcasting
  1604 | D:2      | Reached skill level 1 in Evocations
  1837 | D:2      | Reached XP level 4. HP: 41/41 MP: 5/5
  2019 | D:2      | Found a hazy altar of Hepliaklqana.
  2514 | D:3      | Noticed Grinder
  2521 | D:3      | Paralysed by Grinder for 7 turns
  2529 | D:3      | HP: 1/41 [Grinder/nerve-wracking pain (4)]
  2530 | D:3      | Slain by Grinder

Illustrated notes

Levels and vault maps discovered:
D:1:      minmay_arrival_five_plusses, layout_basic,
          hellmonk_ecumenical_altar_run_dry, chequers_garden, feat_on_display
D:2:      layout_loops_cross, serial_co_window_serial, co_window_corner_a,
          co_window_paths_b, co_window_corner_a, co_window_corner_a,
          co_window_of_opportunity_a, co_window_broadway_c, co_window_paths_c,
          co_window_unsneaky_path_d, co_window_broadway_c, co_window_cross_2,
          co_window_4corner_a, glass_columns_b, glass_columns_b,
          glass_columns_c, basic_altar
D:3:      layout_basic, gammafunk_ghost_cemetery, kennysheep_potato,
          uniq_grinder
D:4:      layout_cave_pools, kennysheep_mini_moat, portal_sewer_entry_d,
          serial_shops, nicolae_lakefront_shop, kennysheep_boxes
D:5:      layout_rooms, minitemple, moated_statue, uniq_blork_the_orc,
          uniq_edmund, uniq_ijyb

Skill      XL: |  1  2  3 |
---------------+----------+-----
Stealth        | |  9.6
Invocations    | 1 |  1.1
Short Blades   | 1 |  1.0
Long Blades    | 1 |  1.0
Maces & Flails | 1 |  1.0
Polearms       | 1 |  1.0
Staves         | 1 |  1.0
Slings         | 1 |  1.0
Bows           | 1 |  1.0
Crossbows      | 1 |  1.0
Throwing       | 1 |  1.0
Armour         | 1 |  1.0
Shields        | 1 |  1.0
Unarmed Combat | 1 |  1.0
Spellcasting   | 1 |  1.0
Evocations     | 1 |  1.0
Fighting       | |  6.6
Axes           | |  4.6
Dodging        | |  4.6
Conjurations   | |  0.8
Hexes          | |  0.8
Summonings     | |  0.8
Necromancy     | |  0.8
Translocations | |  0.8
Transmutations | |  0.8
Fire Magic     | |  0.8
Ice Magic      | |  0.8
Air Magic      | |  0.8
Earth Magic    | |  0.8
Poison Magic   | |  0.8

Action                   |  1- 3 |  4- 6 || total
-------------------------+-------+-------++-------
Melee: Short sword       |    82 |       ||    82
       Hand axe          |     7 |       ||     7
       Bite              |    10 |     5 ||    15
       Dagger            |    18 |    27 ||    45
       Punch             |     1 |       ||     1
  Use: Scroll            |     5 |     1 ||     6
       Potion            |       |     1 ||     1
 Stab: Sleeping          |    16 |     2 ||    18
Armor: Leather armour    |    13 |       ||    13
       Ring mail         |    22 |     5 ||    27
Dodge: Dodged            |    47 |    10 ||    57
